AoeStats
← Guitaraffa

Migration

505993451Analyzed
1v1 RM · 20d ago on Sep 11, 2026· 23m 24s· 2 players
Game mode
Random Map
Map size
132×132
Population
200
Speed
Normal
Resources
Standard
Victory
Conquest
Starting age
Dark Age
Ending age
Imperial Age
RankedLock teamsTeams togetherTeam positionsShared explorationLock speedFull tech treeHidden civsTurbo modeCheats
Victory
Defeat
🇺🇸 Japanese · United States
956
+17
🇦🇷 Dravidians · Argentina
983
-17
Guitaraffa
12:00 Feudal Age
10:16 Loom
13:04 Double-Bit Axe
18:25 Castle Age
17:41 Horse Collar
18:45 Fletching
19:38 Medium Warships
22:04 Bow Saw
21:47 Gold Mining
21:51 Stone Mining
The_Mau
13:27 Feudal Age
14:07 Fishing Lines
14:23 Horse Collar
14:31 Double-Bit Axe
18:15 Wheelbarrow
18:32 Loom
21:01 Castle Age
23:02 Heavy Plow
23:16 Bow Saw
23:40 Gillnets
Connection lost

Rejoining the realm…

Still unreachable

The connection could not be restored.

Session expired

The server has moved on; the page needs a fresh start.